 Dungeon Crawl Stone Soup version 0.21.0-26-g889b8f6 (webtiles) character file.

7453 nikopol the Cleaver (level 11, 0/68 HPs)
             Began as a Gargoyle Fighter on Jan 27, 2018.
             Was a Believer of Okawaru.
             Slain by a killer bee (1 damage)
             ... on level 9 of the Dungeon.
             The game lasted 00:26:30 (9675 turns).

nikopol the Cleaver (Gargoyle Fighter)              Turns: 9675, Time: 00:26:31

Health: 0/68       AC: 17    Str: 22    XL:     11   Next: 15%
Magic:  11/11      EV: 10    Int:  9    God:    Okawaru [**....]
Gold:   283        SH: 11    Dex: 10    Spells: 10/10 levels left

rFire    . . .     SeeInvis +   G - +4 broad axe (chop)
rCold    . . .     Gourm    .   c - +0 shield
rNeg     + + .     Faith    .   b - +0 scale mail
rPois    ∞         Spirit   .   (no helmet)
rElec    +         Reflect  .   (no cloak)
rCorr    .         Harm     .   (no gloves)
MR       .....                  r - +0 pair of boots
Stlth    ..........             (no amulet)
HPRegen  0.21/turn              w - ring of positive energy
MPRegen  0.12/turn              I - ring of see invisible

@: no status effects
A: negative energy resistance 1, electricity resistance, unbreathing,
petrification resistance, rot immunity, AC +8
a: Heroism, Renounce Religion


You were on level 9 of the Dungeon.
You worshipped Okawaru.
Okawaru was pleased with you.
You were not hungry.

You visited 2 branches of the dungeon, and saw 10 of its levels.
You also visited: Sewer.

You collected 605 gold pieces.
You spent 322 gold pieces at shops.

Inventory:

Hand Weapons
 a - a +0 war axe
 z - a +1 whip of freezing
 D - the +4 rapier "Jimpod" {protect, SInv}
   (You took it off a gnoll on level 6 of the Dungeon)

   It protects the one who uses it against injury (+AC on strike).
   It lets you see invisible.
 G - a +4 broad axe of chopping (weapon)
Missiles
 d - 14 tomahawks
 j - 9 javelins (quivered)
Armour
 b - a +0 scale mail (worn)
 c - a +0 shield (worn)
 r - a +0 pair of boots (worn)
Jewellery
 w - a ring of positive energy (left hand)
 H - an uncursed ring of flight
 I - a ring of see invisible (right hand)
Wands
 v - a wand of acid (3)
 A - a wand of iceblast (15)
 J - a wand of digging (8)
Scrolls
 e - 9 scrolls of magic mapping
 h - a scroll of fear {unknown}
 i - 2 scrolls of immolation {unknown}
 k - a scroll of teleportation
 n - a scroll of blinking {unknown}
 q - a scroll of fog {unknown}
 t - 7 scrolls of remove curse
 y - a scroll of enchant armour {unknown}
 C - a scroll of random uselessness {unknown}
 E - a scroll of amnesia {unknown}
 F - a scroll of noise {unknown}
Potions
 g - a potion of berserk rage {unknown}
 l - a potion of cancellation
 m - a potion of haste {unknown}
 o - a potion of flight
 s - a potion of mutation {unknown}
 u - a potion of ambrosia {unknown}
Books
 x - a book of Maledictions

   Spells                             Type                      Level
   a - Corona                         Hexes                        1
   b - Ensorcelled Hibernation        Hexes/Ice                    2
   c - Confuse                        Hexes                        3
   d - Tukima's Dance                 Hexes                        3
   e - Dazzling Spray                 Conjuration/Hexes            3
Comestibles
 f - 10 rations


   Skills:
 + Level 7.8 Fighting
 + Level 9.9 Axes
 + Level 0.2 Throwing
 + Level 7.5 Armour
 + Level 4.5 Dodging
 + Level 1.1 Stealth
 + Level 9.1 Shields


You had 10 spell levels left.
You didn't know any spells.

Dungeon Overview and Level Annotations

Branches:
Dungeon (9/15)             Temple (1/1) D:7            Lair (0/6) D:8
    Orc: D:9-12

Altars:
Ashenzari
Cheibriados
Dithmenos
Elyvilon
Fedhas
Gozag
Hepliaklqana
Kikubaaqudgha
Makhleb
Nemelex Xobeh
Okawaru
Qazlal
Ru
Sif Muna
Trog
Uskayaw
Vehumet
Wu Jian
Xom
Yredelemnul
Zin
The Shining One

Shops:
D:8 (


Innate Abilities, Weirdness & Mutations

You are resistant to torment.
Your stone body is resilient. (AC +8)
You are immune to poison.
You resist negative energy. (rN+)
You are resistant to electric shocks. (rElec)
You can survive without breathing.
You are immune to petrification.
You are immune to rotting.


Message History

* * * LOW HITPOINT WARNING * * *
The phantom hits you.
* * * LOW HITPOINT WARNING * * *
The phantom blinks!
The killer bee barely misses you.
The killer bee stings you but does no damage.
The killer bee closely misses you. You block the killer bee's attack.
The crimson imp blinks!
You hear a bellow!
A queen bee comes into view.
You block the killer bee's attack. The killer bee stings you.
* * * LOW HITPOINT WARNING * * *
The sky beast flickers out of sight for a moment.
The killer bee stings you but does no damage.
You block the killer bee's attack. The killer bee stings you.
* * * LOW HITPOINT WARNING * * *
You open the door.
The queen bee buzzes angrily.
The killer bee stings you but does no damage.
The killer bee stings you.
You die...

# #......# #
+......#....# #
#yyF...#.... #
......#....
...F.#... #...#..#
#... .Z§#.. .....
#.#'##.....
#Wy@Y......
#.yyy......
#.y........
#..........
##########..........
.......y............
....y...............
........#######.....
#.......# ....


You could see a queen bee, a phantom, a sky beast (invisible), 5 killer bees and
a bullfrog skeleton.

Vanquished Creatures
  2 two-headed ogres (D:8)
  A tengu warrior (D:8)
  Pikel (D:4)
  2 hippogriffs (D:8)
  A wyvern (D:8)
  A vampire mosquito (D:8)
  3 wargs (D:8)
  Duvessa (D:4)
  An orc warrior (D:8)
  An ice beast (D:8)
  2 slaves
  An eye of draining (D:8)
  3 phantoms
  4 ogres
  2 centaurs
  A crocodile (D:9)
  4 bullfrogs
  Dowan (D:4)
  A wyvern skeleton (D:7)
  A scorpion (D:5)
  13 killer bees
  2 howler monkeys
  A centaur zombie (D:8)
  2 crimson imps
  3 hounds
  2 jellies
  A quasit (D:8)
  2 bullfrog zombies (D:8)
  10 orc priests
  13 orc wizards
  A bullfrog skeleton (D:8)
  3 centaur skeletons
  Jessica (D:2)
  7 iguanas
  8 worker ants
  A hound zombie (D:7)
  2 worker ant zombies (D:8)
  4 gnolls (D:6)
  14 adders
  2 shadow imps
  12 oozes
  5 worms
  3 dart slugs
  15 leopard geckos
  29 orcs
  17 giant cockroaches
  5 goblins
  5 hobgoblins
  13 jackals
  9 kobolds
  3 quokkas
  10 ball pythons
  5 bats
  16 frilled lizards
  A giant cockroach zombie (D:6)
  2 leopard gecko skeletons
  A quokka skeleton (D:4)
  6 rats
283 creatures vanquished.

Notes
Turn   | Place    | Note
-------+----------+-------------------------------------------
     0 | D:1      | nikopol the Gargoyle Fighter began the quest for the Orb.
     0 | D:1      | Reached XP level 1. HP: 14/14 MP: 1/1
   101 | D:1      | Reached XP level 2. HP: 19/19 MP: 2/2
   339 | D:1      | Reached XP level 3. HP: 23/24 MP: 3/3
   561 | D:2      | Found a faded altar of an unknown god.
   654 | D:2      | Reached XP level 4. HP: 25/29 MP: 4/4
   666 | D:2      | Noticed Jessica
   674 | D:2      | Reached skill level 1 in Dodging
   677 | D:2      | Killed Jessica
   686 | D:2      | Reached XP level 5. HP: 18/33 MP: 5/5
  1474 | D:3      | Reached XP level 6. HP: 27/38 MP: 6/6
  2273 | D:4      | Noticed Duvessa
  2320 | D:4      | Killed Duvessa
  2320 | D:4      | Reached XP level 7. HP: 34/44 MP: 7/7
  2341 | D:4      | Reached skill level 5 in Shields
  2448 | D:4      | Noticed Dowan
  2457 | D:4      | Killed Dowan
  2572 | D:4      | Noticed Pikel
  2612 | D:4      | Killed Pikel
  2612 | D:4      | Reached skill level 5 in Axes
  2612 | D:4      | Reached XP level 8. HP: 23/48 MP: 8/8
  2938 | D:5      | Entered Level 5 of the Dungeon
  3051 | D:5      | Reached skill level 5 in Fighting
  3095 | D:5      | Found a glowing drain.
  3104 | Sewer    | Entered a sewer
  3528 | Sewer    | Reached skill level 5 in Armour
  3950 | D:5      | Reached XP level 9. HP: 26/54 MP: 9/9
  4756 | D:6      | Got a twisted rapier {protect}
  4758 | D:6      | Identified the +4 rapier "Jimpod" {protect, SInv} (You took it off a gnoll on level 6 of the Dungeon)
  6295 | D:7      | Found an iron altar of Okawaru.
  6472 | D:7      | Found a staircase to the Ecumenical Temple.
  6484 | Temple   | Entered the Ecumenical Temple
  6541 | Temple   | Became a worshipper of Warmaster Okawaru
  6859 | D:8      | Reached XP level 10. HP: 33/61 MP: 10/10
  7286 | D:8      | Found a staircase to the Lair.
  7354 | D:8      | Found a radiant altar of Vehumet.
  7398 | D:8      | Found Jiskugoh's Antique Weapon Shop.
  7409 | D:8      | Found a bloodstained altar of Trog.
  7444 | D:8      | Bought a glowing broad axe for 161 gold pieces
  7444 | D:8      | Bought a runed broad axe for 161 gold pieces
  7491 | D:8      | Reached * piety under Okawaru
  7674 | D:8      | Noticed a tengu warrior
  7704 | D:8      | Killed a tengu warrior
  7710 | D:8      | HP: 3/61 [shadow imp/nerve-wracking pain (3)]
  8180 | D:8      | Noticed a two-headed ogre
  8557 | D:8      | Killed a two-headed ogre
  8557 | D:8      | Reached ** piety under Okawaru
  8557 | D:8      | Reached skill level 1 in Stealth
  9127 | D:8      | Noticed a two-headed ogre
  9142 | D:8      | Killed a two-headed ogre
  9142 | D:8      | Reached XP level 11. HP: 33/68 MP: 11/11
  9640 | D:9      | Noticed a two-headed ogre
  9657 | D:9      | HP: 3/68 [two-headed ogre/giant club (18)]
  9658 | D:9      | HP: 1/68 [killer bee (2)]
  9671 | D:9      | HP: 2/68 [killer bee (2)]
  9675 | D:9      | Slain by a killer bee

Skill      XL: |  1  2  3  4  5  6  7  8  9 10 |
---------------+-------------------------------+-----
Axes           | 2 3 4 5 6 8 9 |  9.9
Shields        | 4 5 6 8 9 |  9.1
Dodging        | 1 2 3 4 |  4.5
Fighting       | 4 5 6 7 |  7.8
Armour         | 4 5 6 7 |  7.5
Stealth        | 1 |  1.1
Throwing       | |  0.2

Action                   |  1- 3 |  4- 6 |  7- 9 | 10-12 || total
-------------------------+-------+-------+-------+-------++-------
Melee: War axe           |   113 |   218 |   650 |    71 ||  1052
       Broad axe         |       |       |       |   159 ||   159
Throw: Javelin           |       |     6 |       |       ||     6
  Use: Scroll            |       |       |     1 |     9 ||    10
       Potion            |       |       |     1 |     4 ||     5
  Eat: Chunk             |       |     5 |    13 |    10 ||    28
       Ration            |       |       |     1 |       ||     1
Armor: Scale mail        |    63 |   101 |   399 |   178 ||   741
Dodge: Dodged            |    36 |    69 |   249 |   138 ||   492
Block: Shield            |    59 |   118 |   433 |   185 ||   795
